 Dungeon Crawl Stone Soup version 0.21.1-1-g345015f (webtiles) character file.

48 shakethe the Firebug (level 3, -1/19 HPs)
             Began as a Deep Elf Fire Elementalist on Feb 8, 2018.
             Slain by Sigmund
             ... wielding a +0 scythe
              (4 damage)
             ... on level 2 of the Dungeon.
             The game lasted 00:08:17 (1299 turns).

shakethe the Firebug (Deep Elf Fire Elementalist)   Turns: 1299, Time: 00:08:18

Health: -1/19      AC:  2    Str:  5    XL:     3   Next: 50%
Magic:  3/10       EV: 13    Int: 20    God:
Gold:   133        SH:  0    Dex: 15    Spells: 5/9 levels left

rFire    . . .     SeeInvis .   h - +0 dagger
rCold    . . .     Gourm    .   (no shield)
rNeg     . . .     Faith    .   a - +0 robe
rPois    .         Spirit   .   (no helmet)
rElec    .         Reflect  .   (no cloak)
rCorr    .         Harm     .   (no gloves)
MR       .....                  (no boots)
Stlth    ++........             (no amulet)
HPRegen  0.06/turn              (no ring)
MPRegen  0.12/turn              (no ring)

@: no status effects
A: no striking features
a: no special abilities


You were on level 2 of the Dungeon.
You were not hungry.

You visited 1 branch of the dungeon, and saw 2 of its levels.

You collected 133 gold pieces.

Inventory:

Hand Weapons
 h - a +0 dagger (weapon)
   (You took it off a kobold on level 1 of the Dungeon)
Armour
 a - a +0 robe (worn)
Scrolls
 d - a scroll of magic mapping {unknown}
 e - 2 scrolls of remove curse {unknown}
 g - 2 scrolls of noise {unknown}
 l - a scroll of enchant armour {unknown}
 m - 2 scrolls of identify {unknown}
Books
 b - a book of Flames
Comestibles
 c - 3 rations


   Skills:
 - Level 2.4 Dodging
 - Level 2.4 Stealth
 + Level 3.6 Spellcasting
 + Level 2.1 Conjurations
 * Level 4.3 Fire Magic


You had 5 spell levels left.
You knew the following spells:

 Your Spells              Type           Power        Failure   Level  Hunger
a - Flame Tongue          Conj/Fire      ###..        3%          1    None
c - Conjure Flame         Conj/Fire      ###.....     11%         3    ###....


Dungeon Overview and Level Annotations

Branches:
Dungeon (2/15)

Altars:

Annotations:
D:2 Sigmund


Message History

You can't see any susceptible monsters within range! (Use Z to cast anyway.)
The hobgoblin shouts!
You hear a shout!
You see here 3 gold pieces.
Aim: a hobgoblin, wielding a club The flame tongue hits the hobgoblin.
You now have 9/10 mp.
Aim: a hobgoblin, wielding a club (moderately wounded)
The flame tongue hits the hobgoblin.
You kill the hobgoblin!
Your Conjurations skill increases to level 2!
You now have 8/10 mp.
You now have 121 gold pieces (gained 3).
Things that are here:
a club; a hobgoblin corpse A rat comes into view.
Aim: a rat The flame tongue hits the rat.
You kill the rat!
You now have 7/10 mp.
Found a stone staircase leading down.
You now have 133 gold pieces (gained 12).
A hobgoblin comes into view.
Aim: a hobgoblin The flame tongue hits the hobgoblin.
You kill the hobgoblin!
You now have 7/10 mp.
Found a stone staircase leading up.
MP restored: 10 A goblin comes into view.
The goblin shouts!
You hear an angry hiss.
Aim: a goblin The flame tongue hits the goblin.
You now have 9/10 mp.
Aim: a goblin (moderately wounded)
The flame tongue hits the goblin.
You kill the goblin!
You now have 8/10 mp.
A worm comes into view.
A worm is nearby!
A giant cockroach and a goblin come into view.
Found a stone staircase leading up.
MP restored: 10
Aim: a giant cockroach (clinging)
The flame tongue hits the giant cockroach.
You now have 9/10 mp.
Aim: a giant cockroach (severely wounded)
The flame tongue hits the giant cockroach.
You kill the giant cockroach!
You now have 8/10 mp.
You can't see any susceptible monsters within range! (Use Z to cast anyway.)
The goblin shouts!
You hear a shout!
You can't see any susceptible monsters within range! (Use Z to cast anyway.)
You can't see any susceptible monsters within range! (Use Z to cast anyway.) Sigmund the Dreaded comes into view.
He is wielding a scythe.
Aim: a worm The flame tongue hits the worm.
You now have 8/10 mp.
Aim: a worm (heavily wounded)
The flame tongue hits the worm.
You now have 7/10 mp.
Aim: a worm (severely wounded)
The flame tongue hits the worm.
You now have 6/10 mp.
The goblin misses you.
Sigmund gestures wildly while chanting.
Sigmund flickers and vanishes!
Deactivating autopickup; reactivate with Ctrl-A.
Aim: a worm (heavily wounded)
The flame tongue hits the goblin.
You kill the goblin!
You now have 6/10 mp.
Aim: a worm (heavily wounded)
The flame tongue hits the worm.
You now have 5/10 mp.
Aim: a worm (heavily wounded)
The flame tongue hits the worm.
You now have 4/10 mp.
Aim: a worm (moderately wounded)
The flame tongue hits the worm.
You now have 4/10 mp.
Aim: a worm (heavily wounded)
The flame tongue hits something.
Something hits you but does no damage.
You now have 3/10 mp.
You hit something but do no damage. Something barely misses you.
The worm bites you.
You take 3 damage, and have 16/19 hp.
You closely miss something. Something barely misses you.
Aim: a worm (heavily wounded)
The flame tongue hits the worm.
You kill the worm!
Something hits you!
You take 9 damage, and have 8/19 hp.
MASSIVE DAMAGE!!
Something hits you.
* * * LOW HITPOINT WARNING * * *
You see here a worm corpse.
You take 5 damage, and have 3/19 hp.
MASSIVE DAMAGE!!
Something hits you.
You die...

#.# #.#..#####.##
#.###.#..........
#####.##......####.##
#.........#..##
#.........#..#
#.........#..#
###.......†{#..#
#...........#..#
#.#.......@.#..#
#.#.........#..# ..
#.#.........#..#...
#†#.........#....).
#.#####............
#.# ####..#.....< #.#
######..#..#... #.#
........# ..... #.#
######.........


There were no monsters in sight!

Vanquished Creatures
  An ooze (D:1)
  A worm (D:2)
  A dart slug (D:1)
  2 leopard geckos (D:1)
  3 bats (D:1)
  2 giant cockroaches
  4 goblins
  4 hobgoblins
  4 jackals (D:1)
  3 frilled lizards
  3 kobolds (D:1)
  8 rats
36 creatures vanquished.

Notes
Turn   | Place    | Note
-------+----------+-------------------------------------------
     0 | D:1      | shakethe the Deep Elf Fire Elementalist began the quest for the Orb.
     0 | D:1      | Reached XP level 1. HP: 10/10 MP: 6/6
   281 | D:1      | Reached XP level 2. HP: 12/15 MP: 4/8
   358 | D:1      | HP: 2/15 [dart slug/slug dart (6)]
   718 | D:1      | Reached skill level 4 in Fire Magic
   889 | D:1      | Reached XP level 3. HP: 12/19 MP: 5/10
  1164 | D:1      | Learned a level 3 spell: Conjure Flame
  1193 | D:2      | Reached skill level 2 in Conjurations
  1272 | D:2      | Noticed Sigmund
  1297 | D:2      | HP: 3/19 [something (5)]
  1299 | D:2      | Slain by Sigmund

Skill      XL: |  1  2  3 |
---------------+----------+-----
Fire Magic     | 4 |  4.3
Conjurations   | 2 |  2.1
Dodging        | |  2.4
Stealth        | |  2.4
Spellcasting   | |  3.6

Action                   || total
-------------------------++-------
Melee: Unarmed           ||     5
       Dagger            ||     2
 Cast: Flame Tongue      ||    64
  Eat: Chunk             ||     1
Armor: Robe              ||     5
Dodge: Dodged            ||    14

Vault maps used:
D:1:      dpeg_cavernosity
D:2:      nicolae_overflow_hidden_temple, serial_forest,
          infiniplex_forest_straight_2, infiniplex_forest_clump_medium,
          infiniplex_forest_straight_1, infiniplex_forest_lined_ring,
          infiniplex_forest_clump_medium, infiniplex_forest_lined_4_way,
          infiniplex_forest_straight_5, st_stairs_14,
          nicolae_gozag_seed_capital, uniq_sigmund, uniq_terence

Table legend:
 A = Turns spent in this place as a percentage of turns spent in the entire game.
 B = Non-inter-level travel turns spent in this place as a percentage of non-inter-level travel turns spent in the entire game.
 C = Inter-level travel turns spent in this place as a percentage of turns spent in this place.
 D = Turns resting spent in this place as a percentage of non-inter-level travel turns spent in this place.
 E = Turns spent auto-exploring this place as a percentage of non-inter-level travel turns spent in this place.
 F = Non-inter-level travel turns spent in this place divided by the number of levels of this place that you've seen.
                   A       B       C       D       E      F
               +-------+-------+-------+-------+-------+----------------------
         Total | 100.0 | 100.0 |   7.8 |  23.2 |  48.5 | 599.0
       Dungeon | 100.0 | 100.0 |   7.8 |  23.2 |  48.5 | 599.0
               +-------+-------+-------+-------+-------+----------------------

Table legend:
 A = Kills in this place as a percentage of kills in entire the game.
 B = Kills by you in this place as a percentage of kills by you in the entire game.
 C = Kills by friends in this place as a percentage of kills by friends in the entire game.
 D = Other kills in this place as a percentage of other kills in the entire game.
 E = Experience gained in this place as a percentage of experience gained in the entire game.
 F = Experience gained in this place divided by the number of levels of this place that you have seen.
                   A       B       C       D       E      F
               +-------+-------+-------+-------+-------+----------------------
         Total | 100.0 | 100.0 |   N/A |   N/A | 100.0 |  34.5
       Dungeon | 100.0 | 100.0 |   N/A |   N/A | 100.0 |  34.5
               +-------+-------+-------+-------+-------+----------------------
